 Dungeon Crawl Stone Soup version 0.27.1 (webtiles) character file.

Game seed: 9091245617603814413

406 ZARRMARR the Insei (level 6, 0/38 HPs)
             Began as an Octopode Transmuter on Aug 29, 2021.
             Slain by Pikel (3 damage)
             ... on level 4 of the Dungeon.
             The game lasted 00:19:37 (5647 turns).

ZARRMARR the Insei (Octopode Transmuter)            Turns: 5647, Time: 00:19:39

Health: 0/38       AC:  1    Str: 10    XL:     6   Next: 87%
Magic:  10/11      EV: 13    Int: 17    God:
Gold:   211        SH:  0    Dex: 12    Spells: 10/11 levels left

rFire    . . .     SeeInvis .     - Unarmed
rCold    . . .     Faith    .   (no shield)
rNeg     . . .     Spirit   .   (helmet currently unavailable)
rPois    .         Reflect  .   (no amulet)
rElec    .         Harm     .   (no ring)
rCorr    .         Rampage  .   (no ring)
Will     .....                  (no ring)
Stlth    +++.......             (no ring)
HPRegen  0.12/turn              (no ring)
MPRegen  0.12/turn              (no ring)
                                (no ring)
                                (no ring)

@: mighty, appendages
A: tentacle spike 3, almost no armour, amphibious, 8 rings, camouflage 1,
gelatinous body 1, (nimble swimmer 1), tentacles
a: End Transformation


You were on level 4 of the Dungeon.
One of your tentacles had grown a beastly spike.
You visited 1 branch of the dungeon, and saw 4 of its levels.
You also visited: Sewer.

You collected 211 gold pieces.

Inventory:

Missiles
 c - 3 curare-tipped darts (quivered)
 e - 36 poisoned darts
Magical Staves
 a - a staff of cold
Wands
 k - a wand of iceblast (5)
Scrolls
 f - a scroll of immolation
 g - a scroll of magic mapping
 j - a scroll of enchant weapon
Potions
 b - a potion of attraction {unknown}
 d - a potion of resistance
 h - a potion of might
 i - a potion of magic {unknown}
 l - a potion of mutation {unknown}


   Skills:
 + Level 1.1 Fighting
 + Level 2.5 Dodging
 + Level 3.9 Stealth
 + Level 5.0 Unarmed Combat
 + Level 3.3 Spellcasting
 + Level 3.4 Transmutations


You had 10 spell levels left.
You knew the following spells:

 Your Spells              Type           Power      Damage    Failure   Level
a - Beastly Appendage     Tmut           28%        N/A       4%          1

Your spell library contained the following spells:

 Spells                   Type           Power      Damage    Failure   Level
 Wereblood                Tmut           14%        N/A       6%          2
 Sublimation of Blood     Necr           1%         N/A       26%         2
 Spider Form              Tmut/Pois      4%         N/A       26%         3
 Ice Form                 Ice/Tmut       8%         N/A       63%         4
 Summon Hydra             Summ           1%         N/A       100%        7


Dungeon Overview and Level Annotations

Branches:
Dungeon (4/15)              Sewer (visited)
 Temple: D:4-7

Altars:
Okawaru
Trog

Annotations:
D:4 Pikel


Innate Abilities, Weirdness & Mutations

One of your tentacles has grown a beastly spike.
You cannot wear most types of armour.
You are amphibious.
You can wear up to eight rings at the same time.
Your skin changes colour to match your surroundings (Stealth+).
Your rubbery body absorbs attacks. (AC +1, EV +1)
((You are camouflaged near water. (Stealth+)))
You have tentacles for arms and can constrict up to eight enemies at once.


Message History

Casting: Beastly Appendage (safe; 4% risk of failure)
Confirm with . or Enter, or press ? or * to list all spells.
You extend your transformation's duration.
Found a club.
A lemure comes into view.
Blork the orc shouts!
The lemure shouts!
You hear a shout! x2
A hobgoblin and a lemure come into view.
Found 14 gold pieces.
The lemure moves out of view.
You closely miss Blork the orc. You grab Blork the orc.
You constrict Blork the orc. Blork the orc barely misses you.
You bludgeon Blork the orc! You squeeze Blork the orc.
Blork the orc is moderately wounded.
You constrict Blork the orc.
Pikel the Slaver comes into view.
He is wielding a +0 whip of flaming, wearing a +2 robe of willpower and carrying a wand of iceblast (3).
Blork the orc completely misses you.
You tentacle-slap Blork the orc.
You squeeze Blork the orc, but do no damage.
Blork the orc is heavily wounded.
You constrict Blork the orc. Blork the orc casts a spell at you.
The magic dart hits you! The lemure hits you.
You feel very mighty all of a sudden.
You constrict Blork the orc.
Blork the orc gestures at you while chanting.
The puff of flame hits you!
You barely miss Pikel. Your grab misses Pikel. You constrict Blork the orc.
A lemure comes into view.
Blork the orc closely misses you.
You bludgeon Blork the orc!
You kill Blork the orc!
Pikel closely misses you.
Your Unarmed Combat skill increases to level 5!
You bludgeon Pikel! You grab Pikel. You squeeze Pikel!
Pikel is moderately wounded.
You constrict Pikel, but do no damage. The hobgoblin hits you.
* * * LOW HITPOINT WARNING * * *
Pikel hits you with a +0 whip of flaming.
* * * LOW HITPOINT WARNING * * *
Pikel burns you.
You die...

#....#.###
####.#.# #...#
###.#
#####.###
#...(...######
#...(#........
#....#........
#....#@.......
#...(#gK......
#....55.......
#.....[.......
.....).....
...#........
.............
.....#.$......


You could see Pikel, 2 lemures and a hobgoblin.

Vanquished Creatures
  An ogre (D:4)
  A lemure (D:4)
  Blork the orc (D:4)
  An orc priest (D:4)
  2 gnolls (D:3)
  8 adders
  2 river rats (D:3)
  4 worms (D:2)
  4 dart slugs
  6 orcs
  17 ball pythons
  3 bats
  9 endoplasms
  4 giant cockroaches
  8 goblins
  6 hobgoblins
  2 jackals (D:2)
  5 kobolds
  3 quokkas
  9 frilled lizards
  3 rats
99 creatures vanquished.

Notes
Turn   | Place    | Note
-------+----------+-------------------------------------------
     0 | D:1      | ZARRMARR the Octopode Transmuter began the quest for the
                  | Orb.
     0 | D:1      | Reached XP level 1. HP: 13/13 MP: 3/3
   389 | D:1      | Reached XP level 2. HP: 14/18 MP: 3/5
  1108 | D:2      | Reached skill level 1 in Stealth
  1183 | D:2      | Reached XP level 3. HP: 20/23 MP: 4/6
  2017 | D:2      | Reached XP level 4. HP: 28/28 MP: 5/7
  2501 | D:3      | Found an iron altar of Okawaru.
  2558 | D:3      | Found a faded altar of an unknown god.
  2789 | D:3      | Reached skill level 4 in Unarmed Combat
  2845 | D:3      | Reached XP level 5. HP: 10/33 MP: 8/8
  2849 | D:3      | Found a glowing drain.
  2866 | Sewer    | Entered a sewer
  3625 | D:3      | Found a bloodstained altar of Trog.
  4890 | D:4      | Noticed an ogre
  4903 | D:4      | Killed an ogre
  4904 | D:4      | Reached XP level 6. HP: 38/38 MP: 10/10
  5633 | D:4      | Noticed Blork the orc
  5642 | D:4      | Noticed Pikel
  5646 | D:4      | Killed Blork the orc
  5647 | D:4      | Reached skill level 5 in Unarmed Combat
  5647 | D:4      | Slain by Pikel

Illustrated notes

Levels and vault maps discovered:
D:1:      evilmike_arrival_crescent, layout_loops_cross
D:2:      layout_basic
D:3:      layout_loops_corners, mainiacjoe_overflow_catwalk,
          mainiacjoe_overflow_24_doors, basic_ecumenical_altar,
          gup_sewer_entry_bubbles
D:4:      layout_basic, amcnicky_mini_rare_corridor_liquid, uniq_pikel,
          uniq_blork_the_orc, uniq_menkaure

Skill      XL: |  1  2  3  4  5  6 |
---------------+-------------------+-----
Stealth        | 1 2 3 |  3.9
Unarmed Combat | 4 5 |  5.0
Spellcasting   | 3 |  3.3
Transmutations | 3 |  3.4
Fighting       | |  1.1
Dodging        | |  2.5

Action                   |  1- 3 |  4- 6 || total
-------------------------+-------+-------++-------
Melee: Unarmed           |    66 |   109 ||   175
       Constrict         |    19 |    32 ||    51
       Tentacles         |    15 |    17 ||    32
       Kick              |    12 |    30 ||    42
       Punch             |     4 |     2 ||     6
Throw: Dart              |       |    64 ||    64
 Cast: Beastly Appendage |    22 |    38 ||    60
  Use: Scroll            |     2 |     6 ||     8
       Potion            |     2 |     1 ||     3
 Stab: Sleeping          |     6 |     9 ||    15
Armor: Skin              |     3 |     5 ||     8
Dodge: Dodged            |    36 |    42 ||    78
